 Dungeon Crawl Stone Soup version 0.29.0-15-g675c0067aa (webtiles) character file.

Game seed: 4745726428105394451

6167 MeatBomb the Severer (level 10, 0/77 HPs)
             Began as a Minotaur Berserker on Sept 11, 2022.
             Was an Elder of Trog.
             Slain by a gnoll
             ... wielding a +2 halberd of draining
              (7 damage)
             ... in a bailey.
             The game lasted 00:46:51 (7604 turns).

MeatBomb the Severer (Minotaur Berserker)           Turns: 7604, Time: 00:46:52

Health: 0/77       AC: 12    Str: 33    XL:     10   Next: 60%
Magic:  9/9        EV:  9    Int:  4    God:    Trog [****..]
Gold:   684        SH:  0    Dex:  9    Spells: 9/9 levels left

rFire   + . .      SeeInvis .   a - +7 executioner's axe of Peace {vorpal, rN++}
rCold   . . .      Faith    .   (shield currently unavailable)
rNeg    + + .      Spirit   .   f - +0 chain mail
rPois   .          Reflect  .   (helmet restricted)
rElec   .          Harm     .   q - +0 cloak
rCorr   .          Rampage  .   n - +1 pair of gloves
Will    .....                   (no boots)
Stlth   ..........              g - amulet of regeneration
HPRegen 1.02/turn               A - +6 ring of strength
MPRegen 0.11/turn               D - ring of protection from fire

@: on berserk cooldown, slowed, very slow
A: horns 2, retaliatory headbutt
a: Renounce Religion, Berserk, Trog's Hand, Brothers in Arms


You were in a bailey.
You worshipped Trog.
Trog was greatly pleased with you.
You visited 2 branches of the dungeon, and saw 9 of its levels.
You also visited: Bailey.

You collected 684 gold pieces.

Inventory:

Hand Weapons
 a - the +7 executioner's axe of Peace (weapon) {vorpal, rN++}
   (You acquired it on level 4 of the Dungeon)

   It inflicts extra damage upon your enemies.
   rN:        It greatly protects you from negative energy.
 b - a +1 vampiric hand axe
 u - a +1 whip of freezing
 x - a +0 flail of protection
 G - a +2 dire flail
 O - a +1 halberd of venom
 Q - a +2 halberd of electrocution
 R - a +4 halberd
 S - a +1 halberd of draining
Missiles
 j - 29 stones
 k - 2 throwing nets
 v - 12 poisoned darts
 y - 6 boomerangs (quivered)
 K - a curare-tipped dart
Armour
 f - a +0 chain mail (worn)
 m - a +0 leather armour of positive energy
 n - a +1 pair of gloves (worn)
 q - a +0 cloak (worn)
 B - a +0 buckler
 C - a +2 ring mail of willpower
 J - +0 steam dragon scales
Jewellery
 g - an amulet of regeneration (around neck)
 A - a +6 ring of strength (left hand)
 D - a ring of protection from fire (right hand)
 H - a ring of fire
 N - an amulet of magic regeneration
Wands
 p - a wand of iceblast (9)
 E - a wand of light (7)
 L - a wand of mindburst (15)
Scrolls
 d - 3 scrolls of enchant weapon
 e - 4 scrolls of teleportation
 l - a scroll of brand weapon
 r - 5 scrolls of identify
 s - a scroll of immolation
 t - 2 scrolls of poison
 M - a scroll of enchant armour
Potions
 c - a potion of lignification
 h - 7 potions of curing
 i - a potion of flight
 o - 3 potions of resistance
 w - a potion of heal wounds
 z - a potion of mutation
 F - 2 potions of cancellation {unknown}
 I - a potion of haste
 P - 2 potions of magic {unknown}


   Skills:
 - Level 3.6 Fighting
 * Level 18.8 Axes
 - Level 2.4 Armour
 - Level 2.1 Dodging


You had 9 spell levels left.
You didn't know any spells.
Your spell library was empty.

Dungeon Overview and Level Annotations

Branches:
Dungeon (8/15)             Temple (1/1) D:7          Bailey (1/1)
   Lair: D:8-11

Altars:
Ashenzari
Cheibriados
Dithmenos
Elyvilon
Fedhas
Gozag
Hepliaklqana
Kikubaaqudgha
Makhleb
Okawaru
Qazlal
Ru
Sif Muna
Trog
Uskayaw
Vehumet
Wu Jian
Xom
Yredelemnul
Zin
The Shining One

Shops:
D:8 (


Innate Abilities, Weirdness & Mutations

You have a pair of horns on your head.
You reflexively headbutt those who attack you in melee.


Message History

Trog accepts your kill.
The gnoll hits you from afar with a +0 halberd of draining.
* * * LOW HITPOINT WARNING * * *
You partially resist.
The gnoll hits you from afar with a +0 halberd of draining.
* * * LOW HITPOINT WARNING * * *
You partially resist.
The gnoll hits you from afar with a +2 halberd of draining!
* * * LOW HITPOINT WARNING * * *
You partially resist.
You feel drained.
Your life force feels restored.
The orc closely misses you.
Things that are here:
a +0 halberd; a potion of heal wounds; an orc corpse You slash the gnoll!
You kill the gnoll!
Trog accepts your kill.
You slash the gnoll! x2
You kill the gnoll!
Trog accepts your kill. The gnoll closely misses you. You furiously retaliate!
You headbutt the gnoll!
You kill the gnoll!
Trog accepts your kill. The gnoll barely misses you.
The orc hits you from afar with a +0 halberd!
* * * LOW HITPOINT WARNING * * *
The orc barely misses you. The gnoll hits you but does no damage.
You partially resist.
Things that are here:
a +0 halberd of draining; a brown potion You feel a strong urge to attack something.
You are no longer berserk.
You are exhausted.
You feel yourself slow down.
You carve the orc like a ham!!!
You kill the orc!
Trog accepts your kill. The gnoll barely misses you.
The gnoll hits you with a +2 halberd of draining!
You die...

##'##'##'###'##+##'##
#)###.###.#.## ##.#
### ### ##### ### #'#
#. #.#.###.###)#
+##'##'###'##'##'##
#!....# ##.)...##
#.!.!)### #.....###
+!.⌠..'.# +..⌠..')#
#.!.@)### #.....###
#!.!g)## ##.....##
+##'##'###'##'##'##
#. ##.')###.###)# ##
##### ### ###


You could see a gnoll.

Vanquished Creatures
  Pikel (D:4)
  An orc knight (Bailey)
  A gargoyle (D:7)
  Psyche (D:8)
  Sigmund (D:3)
  A steam dragon (D:8)
  2 water moccasins
  2 orc warriors
  An ice beast (D:7)
  4 sky beasts
  A black bear (D:7)
  2 ogres (D:4)
  6 centaurs
  3 phantoms (D:4)
  3 lemures (D:4)
  4 kobold brigands
  10 bullfrogs
  2 gnoll sergeants
  4 wights (D:7)
  6 killer bees (D:7)
  4 jellies
  2 howler monkeys (D:7)
  A gnoll bouda (D:4)
  4 hounds
  3 orc priests
  Ijyb (D:3)
  5 iguanas
  Jessica (D:2)
  4 orc wizards (D:6)
  15 gnolls
  6 adders
  4 shadow imps
  4 white imps (D:7)
  2 dart slugs
  30 orcs
  11 endoplasms
  3 giant cockroaches
  6 goblins
  6 hobgoblins
  7 jackals
  5 quokkas
  8 ball pythons
  6 bats
  3 frilled lizards (D:1)
  19 kobolds
  3 rats
219 creatures vanquished.

Vanquished Creatures (others)
  8 plants (D:7)
8 creatures vanquished.

Grand Total: 227 creatures vanquished

Notes
Turn   | Place    | Note
-------+----------+-------------------------------------------
     0 | D:1      | MeatBomb the Minotaur Berserker began the quest for the
                  | Orb.
     0 | D:1      | Reached XP level 1. HP: 19/19 MP: 0/0
    30 | D:1      | Reached skill level 4 in Axes
    44 | D:1      | Reached XP level 2. HP: 17/26 MP: 1/1
   444 | D:1      | Reached skill level 5 in Axes
   518 | D:1      | Reached XP level 3. HP: 31/31 MP: 2/2
   790 | D:2      | Noticed Jessica
   805 | D:2      | Killed Jessica
   806 | D:2      | Reached XP level 4. HP: 38/39 MP: 3/3
   829 | D:2      | Reached skill level 6 in Axes
  1144 | D:2      | Reached ** piety under Trog
  1809 | D:3      | Found a hazy altar of Hepliaklqana.
  2560 | D:3      | Noticed Sigmund
  2572 | D:3      | Killed Sigmund
  2573 | D:3      | Reached skill level 8 in Axes
  2573 | D:3      | Reached XP level 5. HP: 45/45 MP: 4/4
  2573 | D:3      | Reached XP level 6. HP: 51/51 MP: 5/5
  2628 | D:3      | Noticed Ijyb
  2660 | D:3      | Killed Ijyb
  2686 | D:3      | Found a faded altar of an unknown god.
  2711 | D:3      | Found a radiant altar of Vehumet.
  3211 | D:4      | Reached skill level 9 in Axes
  3426 | D:4      | Noticed Pikel
  3428 | D:4      | Reached XP level 7. HP: 57/57 MP: 6/6
  3445 | D:4      | Killed Pikel
  3446 | D:4      | Reached skill level 11 in Axes
  3539 | D:4      | Reached XP level 8. HP: 57/64 MP: 7/7
  3596 | D:4      | Reached skill level 12 in Axes
  4109 | D:4      | Reached *** piety under Trog
  4282 | D:4      | Found an opulent altar of Gozag.
  4386 | D:4      | Identified a scroll of acquirement
  4386 | D:4      | Acquired the +7 executioner's axe of Peace {vorpal, rN++}
  4392 | D:5      | Entered Level 5 of the Dungeon
  4472 | D:5      | Found a white marble altar of Elyvilon.
  4786 | D:5      | Reached skill level 13 in Axes
  5417 | D:6      | Reached skill level 14 in Axes
  5431 | D:6      | Reached XP level 9. HP: 37/70 MP: 8/8
  5931 | D:6      | Found a shimmering blue altar of Sif Muna.
  6076 | D:6      | Found a glowing golden altar of the Shining One.
  6157 | D:7      | Reached skill level 15 in Axes
  6190 | D:7      | Found a hide-covered altar of Uskayaw.
  6274 | D:7      | Reached **** piety under Trog
  6368 | D:7      | Reached skill level 16 in Axes
  6479 | D:7      | Noticed a gargoyle
  6490 | D:7      | Killed a gargoyle
  6495 | D:7      | Reached skill level 17 in Axes
  6496 | D:7      | Reached XP level 10. HP: 55/77 MP: 9/9
  6668 | D:7      | Found a staircase to the Ecumenical Temple.
  6685 | Temple   | Entered the Ecumenical Temple
  7155 | D:8      | Reached skill level 18 in Axes
  7179 | D:8      | Noticed Psyche
  7238 | D:8      | Killed Psyche
  7248 | D:8      | Found Luruc's Antique Weapon Shoppe.
  7350 | D:8      | Found a flagged portal.
  7398 | Bailey   | Entered a bailey
  7584 | Bailey   | Noticed an orc knight
  7598 | Bailey   | Killed an orc knight
  7600 | Bailey   | HP: 4/115 [orc/+0 halberd (8)]
  7604 | Bailey   | Slain by a gnoll

Illustrated notes

Levels and vault maps discovered:
D:1:      scummos_arrival_star, layout_rooms, minmay_tiny_reverse_x
D:2:      layout_basic, kennysheep_cluttered_room, uniq_jessica
D:3:      layout_basic, overflow_temple_1_default, nicolae_vehumet_radiance,
          shapermc_ecumenical_altar_pompeii, minmay_vboxes, uniq_ijyb,
          uniq_sigmund
D:4:      layout_layer_cave, kennysheep_little_box,
          chequers_serial_rivers_small_3, minmay_quantized, uniq_pikel
D:5:      layout_loops_corners, amcnicky_altar_gilded,
          kennysheep_generic_room_15
D:6:      layout_basic, tso_oasis_becter, kennysheep_orc_sif_temple,
          minmay_misc_feat_pillars
D:7:      nzn_winding_woodlands_medium [nzn_winding_woodlands_5x5_checkerboard,
          nzn_winding_woodlands_5x15_garden,
          nzn_winding_woodlands_5x5_perimeter, nzn_winding_woodlands_5x5_three,
          nzn_winding_woodlands_center_garden,
          nzn_winding_woodlands_5x5_closed_star,
          nzn_winding_woodlands_hourglass, nzn_winding_woodlands_5x15_zeroes,
          nzn_winding_woodlands_5x5_open_star], layout_rooms,
          nicolae_uskayaw_dance_studio, dk_noncrumbling_4
D:8:      layout_basic, nemelex_xobeh_ov_fountains_minmay, serial_shops,
          shop_statue, enter_bailey_2, uniq_psyche
Temple:   nicolae_temple_ecumenical_triangle
Bailey:   bailey_polearm_nasty_gnolls, bailey

Skill      XL: |  1  2  3  4  5  6  7  8  9 10 |
---------------+-------------------------------+-----
Axes           | 4 5 8 9 11 14 17 18 | 18.8
Fighting       | |  3.6
Armour         | |  2.4
Dodging        | |  2.1

Action                   |  1- 3 |  4- 6 |  7- 9 | 10-12 || total
-------------------------+-------+-------+-------+-------++-------
Melee: Hand axe          |    53 |   130 |    66 |       ||   249
       Headbutt          |     8 |    21 |    27 |     7 ||    63
       Punch             |       |     1 |       |       ||     1
       Executioner's axe |       |       |   127 |    99 ||   226
Throw: Stone             |     3 |     5 |     4 |       ||    12
       Boomerang         |       |     4 |    16 |     2 ||    22
Invok: Berserk           |       |     2 |     3 |     2 ||     7
       Trog's Hand       |       |       |       |     1 ||     1
  Use: Scroll            |     2 |    10 |     7 |     1 ||    20
Armor: Animal skin       |     2 |       |       |       ||     2
       Ring mail         |    11 |    12 |       |       ||    23
       Chain mail        |       |    51 |    84 |    73 ||   208
Dodge: Dodged            |    32 |    56 |    80 |    64 ||   232
